 Dungeon Crawl Stone Soup version 0.32-a0-656-g3542139ebd (webtiles) character file.

Game seed: 12870296333097190507

49 Dittersdorf the Covered (level 3, -2/24 HPs)
             Began as a Gargoyle Fighter on Mar 8, 2024.
             Slain by a gnoll
             ... wielding a +0 flail
              (5 damage)
             ... on level 1 of the Dungeon.
             The game lasted 00:01:00 (1324 turns).

Dittersdorf the Covered (Gargoyle Fighter)          Turns: 1324, Time: 00:01:00

Health: -2/24      AC: 13    Str: 21    XL:     3   Next: 77%
Magic:  3/3        EV:  7    Int:  8    God:
Gold:   75         SH:  4    Dex:  9    Spells: 2/2 levels left

rFire   . . .        a - +0 flail
rCold   . . .        c - +0 buckler
rNeg    + . .        k - +0 chain mail
rPois   ∞            (no helmet)
rElec   +            (no cloak)
rCorr   .            t - +0 pair of gloves
SInv    .            (no boots)
Will    .....        (no amulet) Stlth
                     (no ring)
HPRegen 0.24/turn    (no ring)
MPRegen 0.08/turn

%: no passive effects
@: no status effects
A: sickness immunity, AC +3, negative energy resistance 1, electricity
resistance, torment resistance 1, petrification resistance
a: no special abilities


You were on level 1 of the Dungeon.
You visited 1 branch of the dungeon, and saw 2 of its levels.

You collected 75 gold pieces.

Inventory:

Hand Weapons
 a - a +0 flail (weapon)
Armour
 c - a +0 buckler (worn)
 k - a +0 chain mail (worn)
 t - a +0 pair of gloves (worn)
Scrolls
 b - a scroll of vulnerability {unknown}
 e - a scroll of fog {unknown}
 f - 3 scrolls of identify {unknown}
 g - a scroll of poison {unknown}
 h - a scroll of fear {unknown}
 i - a scroll of enchant weapon {unknown}
 n - a scroll of silence {unknown}
 o - a scroll of enchant armour {unknown}
 p - a scroll of revelation {unknown}
Potions
 d - a potion of might
 j - a potion of mutation {unknown}
 l - 2 potions of curing {unknown}
 m - 3 potions of enlightenment {unknown}
 q - a potion of berserk rage {unknown}
 r - a potion of brilliance {unknown}
 s - 2 potions of heal wounds {unknown}


   Skills:
 + Level 3.8 Fighting
 + Level 2.6 Maces & Flails
 + Level 3.8 Armour
 + Level 3.8 Shields


You had 2 spell levels left.
You didn't know any spells.
Your spell library contained the following spells:

 Spells                   Type           Power      Damage    Failure   Level
 Magic Dart               Conj           0%         1d3       98%         1
 Searing Ray              Conj           0%         2d4       99%         2
 Static Discharge         Conj/Air       0%         3-3/arc   99%         2
 Airstrike                Air            0%         2d(0-16)  100%        4
 Fulminant Prism          Conj/Alch      0%         3d5       100%        4
 Summon Lightning Spire   Summ/Air       0%         N/A       100%        4


Dungeon Overview and Level Annotations

Branches:
Dungeon (2/15)

Altars:


Innate Abilities, Weirdness & Mutations

You are immune to sickness and miasma.
Your stone body is resilient. (AC +3)
You are immune to poison.
You resist negative energy. (rN+)
You are resistant to electric shocks. (rElec)
You are resistant to unholy torment.
You are immune to petrification.


Message History

You are too injured to fight recklessly!
You are too injured to fight recklessly!
You are too injured to fight recklessly!
You are too injured to fight recklessly!
You are too injured to fight recklessly!
You are too injured to fight recklessly!
You are too injured to fight recklessly!
You are too injured to fight recklessly!
You are too injured to fight recklessly!
You are too injured to fight recklessly!
You are too injured to fight recklessly!
You are too injured to fight recklessly!
You are too injured to fight recklessly!
You are too injured to fight recklessly!
You are too injured to fight recklessly!
You are too injured to fight recklessly!
You are too injured to fight recklessly!
The gnoll attacks as it pursues you! The gnoll hits you but does no damage.
The gnoll attacks as it pursues you! The gnoll hits you with a +0 flail!
* * * LOW HITPOINT WARNING * * *
There is a stone staircase leading up here.
You climb upwards.
There is a stone staircase leading down here.
You hit the gnoll but do no damage.
The gnoll is lightly wounded.
The gnoll barely misses you.
You hit the gnoll.
The gnoll is moderately wounded.
The gnoll hits you with a +0 flail.
* * * LOW HITPOINT WARNING * * *
You hit the gnoll.
The gnoll is severely wounded.
The gnoll hits you but does no damage. x2
You hit the gnoll.
The gnoll is almost dead.
The gnoll hits you but does no damage.
You closely miss the gnoll.
The gnoll is almost dead.
The gnoll hits you with a +0 flail.
You die...

#..##....#.....#....#
#..##...............#
#.............#..#..#
#.>.......#......#..#
#........#.#.###.#..#
#.......###.## #.#..#
#.#.....# ### #.#..#
#.####.## #....# #.#
#.# #@##.# #.# #.#
#.g#.# #.# ##.##
#..#.# #.###...##
#..#.# ..##.###.##
#..#.##### #.#.##
##.######..#....(#
#...#
#.........#####.#
#...## ##.#.#######
#.# ..#..###.##.# #.#


You could see a gnoll.

Vanquished Creatures
  2 gnolls (D:2)
  5 endoplasms
  5 goblins
  3 hobgoblins
  A quokka (D:1)
  4 bats
  2 frilled lizards
  3 kobolds
  4 rats
29 creatures vanquished.

Notes
Turn   | Place    | Note
-------+----------+-------------------------------------------
     0 | D:1      | Dittersdorf the Gargoyle Fighter began the quest for the
                  | Orb.
     0 | D:1      | Reached XP level 1. HP: 14/14 MP: 1/1
   171 | D:1      | Reached XP level 2. HP: 15/19 MP: 2/2
  1019 | D:2      | Reached XP level 3. HP: 19/23 MP: 3/3
  1324 | D:1      | Slain by a gnoll

Illustrated notes

Levels and vault maps discovered:
D:1:      scummos_arrival_simple_crosswalls, layout_loops_ring,
          nrook_loot_triangle
D:2:      layout_loops_ring, dk_vineyard_1, minmay_tetromino_l2

Action                     || total
---------------------------++-------
  Melee: Flail             ||   103
 Armour: Scale mail        ||    57
         Chain mail        ||    42
  Dodge: Dodged            ||    60
  Block: Buckler           ||    25

Table legend: (Time is in decaauts)
 A = Elapsed time spent in this place.
 B = Non-inter-level travel time spent in this place.
 C = Inter-level travel time spent in this place.
 D = Time resting spent in this place.
 E = Time spent auto-exploring this place.
 F = Levels seen in this place.
 G = Mean time per level.
                   A        B        C        D        E       F      G
               +--------+--------+--------+--------+--------+-----+--------+
         Total |   1359 |   1325 |     34 |     51 |   1000 |   2 |  679.5 |
       Dungeon |   1359 |   1325 |     34 |     51 |   1000 |   2 |  679.5 |
               +--------+--------+--------+--------+--------+-----+--------+

Top non-repeatable levels by time:
     D:1: 836 daAuts
     D:2: 522 daAuts
